Map: Newkirk Precinct TE (Void)

Players

MCanning - Winner!

  • Race: Protoss Protoss
  • Spawn Location: 7:00

GAMETIME

  • Race: Zerg Zerg
  • Spawn Location: 5:00

Event: WCS Austin 2017

VOD

Have the link to the VOD?

Description

Time

  • Played on: April 28, 2017, 1:43 p.m.
  • Length: 19:12

All games in this series

Show
View Real Time Build Order
Export as new Build Order

MCanning Protoss - Winner!

Build Orders: 1 Gate Expand, Dark Templar Rush 

Get SALT Encoding   

  12  0:00  Probe (Chrono Boost)  
  13  0:11  Probe (Chrono Boost)  
  14  0:19  Pylon  
  14  0:22  Probe (Chrono Boost)  
  15  0:37  Probe (Chrono Boost)  
  15  0:38  Gateway  
  16  0:47  Probe (Chrono Boost)  
  16  0:48  Assimilator  
  17  0:58  Probe (Chrono Boost)  
  18  1:08  Probe (Chrono Boost)  
  19  1:23  Nexus  
  19  1:33  Cybernetics Core  
  19  1:37  Probe (Chrono Boost)  
  20  1:47  Probe (Chrono Boost)  
  20  1:48  Assimilator  
  21  1:58  Probe (Chrono Boost)  
  21  1:59  Pylon  
  22  2:08  Probe (Chrono Boost)  
  22  2:13  Warp Gate  
  23  2:17  Zealot  
  23  2:19  Probe (Chrono Boost)  
  28  2:30  Mothership Core (Chrono Boost)  
  28  2:35  Probe (Chrono Boost)  
  29  2:43  Twilight Council  
  29  2:46  Probe (Chrono Boost)  
  29  2:48  Probe (Chrono Boost)  
  31  2:52  Stalker  
  31  2:56  Probe (Chrono Boost)  
  34  2:59  Probe (Chrono Boost)  
  35  3:07  Probe (Chrono Boost)  
  36  3:13  Robotics Facility  
  36  3:16  Probe (Chrono Boost)  
  37  3:20  Probe (Chrono Boost)  
  39  3:27  Probe (Chrono Boost)  
  39  3:31  Probe (Chrono Boost)  
  40  3:37  Probe (Chrono Boost), Dark Shrine  
  41  3:41  Probe (Chrono Boost)  
  41  3:43  Pylon  
  41  3:48  Probe (Chrono Boost)  
  42  3:52  Probe (Chrono Boost)  
  43  3:58  Probe (Chrono Boost)  
  43  4:01  Gateway x2  
  44  4:04  Gateway  
  44  4:07  Probe (Chrono Boost)  
  44  4:08  Warp Prism  
  47  4:17  Assimilator  
  47  4:21  Assimilator, Probe (Chrono Boost)  
  49  4:24  Probe (Chrono Boost)  
  49  4:29  Pylon  
  49  4:31  Pylon  
  49  4:32  Probe (Chrono Boost)  
  49  4:37  Probe (Chrono Boost)  
  51  4:42  Probe (Chrono Boost)  
  52  4:47  Observer  
  52  4:48  Probe (Chrono Boost)  
  55  4:53  Probe (Chrono Boost)  
  55  4:59  Probe (Chrono Boost)  
  56  5:03  Probe (Chrono Boost)  
  57  5:08  Dark Templar  
  57  5:09  Probe (Chrono Boost), Dark Templar  
  63  5:18  Nexus  
  63  5:20  Pylon  
  63  5:21  Pylon, Dark Templar  
  63  5:23  Dark Templar  
  63  5:26  Observer  
  67  5:32  Probe (Chrono Boost)  
  67  5:34  Probe (Chrono Boost), Robotics Bay  
  69  5:43  Probe (Chrono Boost)  
  69  5:46  Forge  
  69  5:48  Gateway  
  70  5:50  Sentry x2  
  70  5:51  Immortal  
  78  6:00  Probe (Chrono Boost)  
  79  6:09  Probe (Chrono Boost)  
  79  6:10  Pylon  
  80  6:12  Blink  
  80  6:18  Stalker x2  
  80  6:22  Pylon  
  84  6:32  Robotics Facility, Probe (Chrono Boost)  
  85  6:34  Disruptor  
  88  6:43  Probe (Chrono Boost)  
  88  6:45  Assimilator  
  88  6:46  Probe (Chrono Boost)  
  90  6:48  Probe (Chrono Boost)  
  90  6:49  Assimilator  
  90  6:53  Gateway  
  87  6:57  Stalker  
  87  6:58  Stalker x3  
  87  7:00  Probe (Chrono Boost)  
  96  7:03  Probe (Chrono Boost)  
  97  7:12  Disruptor  
  96  7:22  Stalker x2  
  99  7:25  Pylon  
  99  7:26  Pylon  
  99  7:27  Pylon  
  99  7:32  Pylon  
  99  7:33  Pylon  
  99  7:38  Pylon  
  99  7:41  Disruptor  
  99  7:46  Disruptor  
  106  8:07  Probe (Chrono Boost)  
  106  8:10  Nexus  
  106  8:11  Stalker x2, Pylon  
  106  8:12  Stalker  
  112  8:14  Disruptor  
  115  8:21  Nexus  
  115  8:31  Nexus  
  113  8:42  Disruptor  
  113  8:43  Stalker  
  113  8:44  Probe (Chrono Boost), Stalker x2  
  121  8:52  Photon Cannon  
  121  8:57  Probe (Chrono Boost)  
  121  9:00  Probe (Chrono Boost)  
  123  9:04  Disruptor  
  123  9:08  Photon Cannon  
  123  9:09  Probe (Chrono Boost)  
  127  9:14  Probe (Chrono Boost)  
  128  9:17  Stalker  
  128  9:22  Pylon  
  128  9:35  Disruptor  
  119  9:38  Stalker x2  
  119  9:39  Stalker x2  
  107  9:53  Stalker x2  
  107  9:58  Disruptor  
  110  10:07  Probe (Chrono Boost)  
  110  10:19  Stalker x3  
  110  10:20  Stalker x2  
  120  10:26  Disruptor  
  121  10:36  Stalker, Nexus  
  121  10:37  Pylon  
  121  10:42  Stalker x2  
  125  10:43  Stalker  
  129  10:55  Disruptor  
  122  11:00  Protoss Ground Weapons Level 1  
  117  11:04  Probe (Chrono Boost)  
  117  11:06  Photon Cannon  
  117  11:07  Probe (Chrono Boost)  
  116  11:12  Stalker x5  
  116  11:16  Probe (Chrono Boost)  
  127  11:21  Dark Templar  
  129  11:28  Disruptor  
  120  11:48  Nexus  
  120  11:49  Warp Prism  
  120  11:50  Stalker x2  
  120  11:51  Stalker x3  
  132  12:01  Photon Cannon  
  130  12:02  Dark Templar  
  130  12:04  Disruptor  
  135  12:16  Dark Templar  
  135  12:20  Disruptor  
  141  12:30  Probe (Chrono Boost)  
  132  12:39  Dark Templar x2, Adept x2  
  132  12:40  Adept  
  132  12:43  Assimilator  
  138  12:45  Archon  
  138  12:48  Assimilator, Probe (Chrono Boost)  
  138  12:51  Pylon  
  135  12:53  Photon Cannon  
  136  12:58  Stalker  
  136  12:59  Probe (Chrono Boost)  
  136  13:02  Dark Templar x2  
  142  13:06  Archon, Photon Cannon  
  142  13:13  Dark Templar x2  
  142  13:17  Probe (Chrono Boost), Archon  
  142  13:19  Probe (Chrono Boost)  
  149  13:20  Probe (Chrono Boost)  
  149  13:22  Dark Templar  
  151  13:27  Stalker  
  133  13:43  Adept x2  
  133  13:47  Adept x2  
  101  14:01  Stalker x2  
  101  14:02  Stalker x2  
  96  14:21  Stalker x2  
  97  14:27  Pylon  
  97  14:29  Dark Templar  
  97  14:30  Pylon, Gateway, Dark Templar x2  
  103  14:32  Gateway  
  103  14:33  Gateway  
  103  14:34  Dark Templar  
  103  14:36  Gateway, Archon  
  105  14:39  Disruptor  
  105  14:40  Archon  
  105  14:41  Disruptor  
  111  14:51  Dark Templar x2  
  115  14:55  Archon  
  115  15:02  Stalker x3  
  121  15:15  Dark Templar  
  123  15:25  Disruptor, Zealot x3  
  123  15:26  Zealot  
  123  15:28  Disruptor  
  112  15:32  Dark Templar  
  117  15:46  Archon  
  117  15:52  Zealot x3  
  117  15:53  Zealot x3  
  117  15:56  Disruptor, Dark Templar  
  131  15:57  Zealot x2  
  131  16:00  Disruptor  
  131  16:03  Mothership Core (Chrono Boost)  
  132  16:06  Photon Cannon  
  132  16:07  Pylon  
  135  16:18  Dark Templar x2  
  139  16:19  Zealot x5  
  139  16:23  Archon  
  147  16:27  Disruptor  
  132  16:42  Stalker x2  
  132  16:43  Stalker x2  
  132  16:44  Stalker  
  132  16:46  Disruptor  
  121  16:58  Mothership Core (Chrono Boost)  
  118  17:21  Disruptor  
  114  17:23  Pylon  
  117  17:36  Dark Templar x2  
  119  17:37  Zealot x4  
  119  17:38  Nexus  
  119  17:42  Archon  
  127  17:51  Dark Templar  
  127  17:56  Stalker x3  
  135  18:00  Photon Cannon  
  135  18:05  Stalker  
  137  18:13  Stalker x2  
  141  18:20  Assimilator  
  141  18:29  Assimilator  
  141  18:31  Dark Templar  
  137  18:40  Probe (Chrono Boost), Pylon  
  131  18:51  Probe (Chrono Boost)  
  134  18:57  Probe (Chrono Boost)  
Show
View Real Time Build Order
Export as new Build Order

GAMETIME Zerg 

Build Orders: Hatch First 

Get SALT Encoding   

  12  0:00  Drone  
  13  0:08  Drone  
  14  0:17  Overlord  
  14  0:22  Extractor  
  14  0:23  Drone  
  15  0:35  Drone x2  
  17  0:52  Hatchery  
  17  0:56  Drone  
  17  1:00  Drone  
  18  1:10  Extractor  
  17  1:15  Spawning Pool  
  17  1:17  Drone  
  17  1:21  Drone  
  18  1:27  Drone  
  19  1:37  Drone  
  20  1:58  Hatchery  
  19  2:01  Queen  
  19  2:03  Drone  
  19  2:06  Drone  
  23  2:12  Metabolic Boost  
  23  2:17  Drone  
  23  2:22  Overlord  
  24  2:25  Drone  
  24  2:28  Drone  
  26  2:32  Drone  
  27  2:37  Drone  
  27  2:41  Queen  
  30  2:47  Drone x2  
  32  2:52  Queen  
  32  2:56  Overlord  
  34  3:00  Drone  
  34  3:03  Drone  
  36  3:09  Drone  
  36  3:10  Drone x3  
  40  3:13  Drone  
  40  3:16  Overlord  
  40  3:19  Drone  
  42  3:24  Drone  
  43  3:28  Extractor  
  43  3:29  Roach Warren  
  41  3:39  Drone x4  
  45  3:42  Lair  
  45  3:43  Drone  
  45  3:44  Drone  
  47  3:49  Overlord  
  47  3:52  Overlord  
  47  3:53  Zergling x2  
  47  3:55  Zergling x2  
  49  3:56  Drone  
  49  3:59  Extractor  
  49  4:01  Drone  
  50  4:06  Overlord  
  50  4:08  Drone  
  51  4:11  Drone  
  51  4:13  Spore Crawler  
  51  4:14  Drone, Spore Crawler  
  51  4:15  Drone  
  51  4:16  Drone  
  53  4:18  Drone  
  53  4:21  Drone x2  
  53  4:23  Drone  
  57  4:24  Drone  
  57  4:28  Extractor  
  57  4:29  Roach  
  57  4:30  Roach  
  61  4:33  Roach  
  61  4:35  Roach  
  65  4:39  Drone  
  65  4:40  Drone x2  
  65  4:41  Overseer  
  65  4:43  Glial Reconstitution  
  68  4:46  Overlord  
  68  4:49  Overlord  
  68  4:52  Roach  
  70  4:54  Roach  
  70  4:56  Roach  
  70  4:59  Overlord  
  74  5:04  Roach  
  74  5:05  Overlord x2  
  75  5:09  Drone x2  
  75  5:10  Roach  
  79  5:16  Roach  
  79  5:17  Roach x2  
  79  5:18  Roach  
  86  5:22  Roach x2  
  86  5:24  Roach  
  86  5:27  Overlord  
  92  5:31  Roach x2  
  92  5:33  Roach  
  92  5:35  Roach  
  100  5:37  Overlord  
  100  5:43  Roach x3  
  100  5:45  Ravager, Roach  
  100  5:46  Ravager  
  100  5:47  Ravager  
  100  5:49  Overlord  
  111  5:54  Roach x2  
  115  5:57  Roach x2  
  115  5:59  Overlord  
  115  6:02  Roach  
  115  6:03  Roach  
  123  6:08  Roach x2  
  123  6:10  Roach  
  129  6:12  Roach  
  129  6:13  Roach  
  129  6:17  Roach x2  
  137  6:23  Roach x2  
  139  6:27  Overseer  
  139  6:28  Overlord  
  139  6:30  Roach, Overlord  
  136  6:33  Drone x3  
  136  6:39  Roach x2  
  142  6:40  Spore Crawler  
  142  6:42  Roach  
  142  6:44  Roach  
  142  6:46  Drone x2  
  143  6:48  Roach  
  143  6:52  Roach x2  
  147  6:54  Roach  
  147  6:56  Spore Crawler  
  147  6:59  Roach  
  150  7:02  Roach  
  150  7:03  Roach  
  150  7:06  Roach x2  
  155  7:10  Roach x2  
  159  7:18  Roach x2  
  159  7:19  Drone  
  156  7:26  Drone  
  156  7:28  Drone  
  158  7:30  Drone  
  158  7:31  Drone  
  158  7:32  Drone, Evolution Chamber  
  160  7:38  Hatchery  
  160  7:39  Drone x3  
  160  7:40  Drone  
  159  7:54  Hydralisk Den  
  159  7:57  Drone x3, Queen, Extractor  
  159  7:58  Zerg Missile Weapons Level 1, Extractor  
  161  7:59  Overlord  
  161  8:07  Overlord x3  
  161  8:17  Queen  
  161  8:18  Overlord x2  
  163  8:23  Hydralisk  
  163  8:24  Hydralisk x2  
  169  8:29  Hydralisk x2  
  173  8:35  Drone x2, Hydralisk x2  
  173  8:36  Hydralisk x2  
  162  8:41  Hydralisk  
  162  8:44  Hydralisk  
  151  8:49  Hydralisk  
  151  8:53  Hydralisk  
  151  8:55  Hydralisk  
  157  9:05  Muscular Augments, Hydralisk  
  157  9:07  Hydralisk  
  161  9:10  Hydralisk  
  161  9:11  Hatchery  
  161  9:13  Hydralisk  
  166  9:17  Roach  
  166  9:18  Roach  
  166  9:22  Hydralisk  
  170  9:29  Hydralisk x2  
  158  9:35  Hydralisk  
  158  9:36  Hydralisk  
  140  9:41  Hydralisk x2  
  140  9:44  Hydralisk  
  138  9:48  Hydralisk  
  138  9:51  Roach  
  138  9:52  Roach x2  
  124  9:54  Roach  
  107  10:01  Drone x8  
  107  10:03  Hydralisk  
  107  10:06  Overseer  
  113  10:08  Hydralisk  
  113  10:09  Hydralisk  
  117  10:15  Hydralisk x2  
  117  10:18  Roach  
  117  10:20  Roach  
  123  10:22  Roach  
  123  10:23  Roach  
  123  10:27  Roach x2  
  131  10:30  Roach  
  131  10:31  Hydralisk  
  131  10:33  Hydralisk  
  137  10:37  Hydralisk  
  137  10:42  Hydralisk  
  141  10:43  Hydralisk  
  141  10:47  Hydralisk  
  130  10:59  Hydralisk x4  
  130  11:03  Drone x6  
  130  11:04  Hydralisk  
  124  11:08  Hydralisk  
  124  11:10  Overlord  
  124  11:11  Overlord x2  
  128  11:15  Hydralisk x2  
  132  11:20  Hydralisk x2  
  132  11:22  Overlord  
  136  11:27  Overlord x2  
  134  11:34  Hydralisk x3  
  134  11:37  Hydralisk x2  
  138  11:40  Hydralisk  
  138  11:44  Hydralisk  
  138  11:46  Zergling x2  
  120  11:47  Zergling x8  
  120  11:49  Hydralisk  
  123  11:59  Hydralisk x2  
  123  12:00  Hatchery  
  126  12:01  Zergling x2  
  126  12:02  Zergling x2  
  126  12:04  Zergling x2  
  126  12:05  Zergling x4  
  126  12:08  Zerg Missile Weapons Level 2  
  131  12:09  Hydralisk  
  131  12:11  Hydralisk  
  131  12:13  Hydralisk  
  137  12:17  Hydralisk  
  137  12:20  Hydralisk  
  120  12:37  Hydralisk x4  
  120  12:39  Zergling x20  
  120  12:40  Zergling x4  
  120  12:43  Drone  
  120  12:44  Drone x2  
  138  12:47  Drone x2  
  140  12:53  Hydralisk x2  
  140  12:54  Zergling x2  
  140  12:56  Zergling x4  
  147  13:02  Drone  
  147  13:03  Drone x2, Zergling x2  
  147  13:04  Zergling x4  
  153  13:06  Hydralisk  
  153  13:08  Hydralisk  
  153  13:10  Hydralisk  
  153  13:11  Overseer  
  159  13:14  Hydralisk  
  159  13:18  Hydralisk x2  
  165  13:24  Hydralisk  
  167  13:27  Hydralisk x3  
  167  13:30  Hydralisk  
  172  13:35  Hydralisk  
  172  13:36  Hydralisk  
  172  13:38  Hydralisk  
  172  13:40  Zergling x2  
  172  13:41  Zergling x4  
  164  13:44  Zergling x2  
  164  13:45  Zergling x8  
  164  13:47  Hydralisk  
  142  13:53  Hydralisk x2  
  126  13:57  Hydralisk x2  
  118  14:05  Hydralisk  
  118  14:06  Hydralisk x2  
  118  14:07  Zergling x2  
  118  14:08  Zergling x10  
  118  14:09  Hydralisk  
  124  14:14  Hydralisk  
  117  14:17  Hydralisk  
  117  14:19  Hydralisk  
  117  14:22  Zergling x2  
  117  14:23  Zergling x8  
  122  14:26  Drone x2  
  122  14:29  Zerg Melee Weapons Level 1  
  124  14:32  Hydralisk x2  
  124  14:35  Zergling x2  
  124  14:36  Hydralisk  
  131  14:40  Hydralisk, Extractor  
  132  14:46  Hydralisk  
  132  14:47  Zergling x6  
  137  14:55  Hydralisk  
  138  15:03  Hydralisk x2  
  138  15:05  Hatchery  
  141  15:12  Hydralisk x4  
  142  15:15  Zergling x2  
  142  15:16  Zergling x2  
  142  15:19  Zergling x6  
  142  15:20  Zergling x12  
  139  15:21  Hydralisk  
  139  15:26  Hydralisk x2  
  142  15:29  Zergling x2  
  142  15:30  Zergling x6  
  142  15:32  Overseer  
  142  15:33  Hydralisk  
  139  15:37  Zergling x2  
  139  15:38  Zergling x8  
  139  15:39  Zergling x2  
  139  15:40  Overseer  
  141  15:44  Hydralisk  
  141  15:46  Overlord x2  
  141  15:48  Hydralisk  
  145  15:54  Hydralisk, Baneling Nest  
  145  15:56  Zergling x8  
  150  16:00  Zergling x2  
  150  16:01  Zergling x6  
  150  16:02  Zergling x2  
  155  16:08  Hydralisk x3  
  155  16:09  Zergling x2  
  155  16:10  Zergling x2  
  163  16:13  Hydralisk  
  163  16:14  Hydralisk  
  166  16:24  Hydralisk x4  
  173  16:31  Zergling x16  
  177  16:37  Zergling x8  
  161  16:41  Hydralisk  
  161  16:42  Hydralisk  
  161  16:44  Zergling x2  
  161  16:46  Hydralisk  
  136  16:48  Hydralisk x2  
  136  16:51  Zergling x4  
  122  16:55  Hydralisk x3  
  122  16:58  Zergling x4  
  128  17:02  Hydralisk  
  128  17:03  Hydralisk  
  128  17:06  Hydralisk  
  133  17:12  Hydralisk  
  133  17:13  Hydralisk x2  
  133  17:14  Zergling x2  
  114  17:20  Hydralisk  
  114  17:21  Hydralisk  
  108  17:24  Hydralisk  
  108  17:25  Hydralisk  
  108  17:26  Zergling x2  
  108  17:28  Hydralisk  
  115  17:30  Zergling x2  
  115  17:36  Hydralisk  
  118  17:37  Extractor x2  
  118  17:39  Baneling  
  118  17:40  Baneling  
  118  17:41  Zergling x6  
  119  17:45  Zergling x4  
  119  17:47  Zergling x4  
  119  17:49  Zergling x2  
  119  17:50  Zergling x2  
  126  17:51  Zergling x2  
  126  17:54  Zergling x2  
  126  17:55  Zergling x4  
  129  18:02  Hydralisk  
  129  18:03  Hydralisk x2  
  135  18:07  Zergling x6  
  135  18:11  Zergling x6  
  141  18:19  Baneling x10  
  141  18:20  Baneling x2  
  141  18:23  Hydralisk  
  141  18:25  Hydralisk  
  142  18:29  Hydralisk  
  142  18:30  Hydralisk  
  135  18:34  Zergling x2  
  135  18:35  Zergling x4  
  135  18:37  Overseer  
  135  18:38  Overseer  
  122  18:44  Hydralisk  
  122  18:45  Hydralisk  
  122  18:47  Zergling x4  
  119  18:52  Zergling x2  
  119  18:53  Zergling x2  
Tags
 
Add a new tag
Caveats
  • Supply blocks, unpowered buildings, or Contaminate may cause inaccurate times.
  • Supply counts are checked every 10 seconds.